 Dungeon Crawl Stone Soup version 0.23-a0-321-g6bcb69f (webtiles) character file.

143 MisterFreud the Chopper (level 5, -3/41 HPs)
             Began as a Formicid Fighter on Oct 15, 2018.
             Killed by nerve-wracking pain
             ... invoked by Grinder
              (11 damage)
             ... on level 3 of the Dungeon.
             The game lasted 00:08:05 (3099 turns).

MisterFreud the Chopper (Formicid Fighter)          Turns: 3099, Time: 00:08:06

Health: -3/41      AC: 10    Str: 21    XL:     5   Next: 50%
Magic:  5/5        EV:  7    Int:  8    God:
Gold:   151        SH: 10    Dex: 10    Spells: 4/4 levels left

rFire    . . .     SeeInvis +   a - +0 war axe
rCold    . . .     Gourm    .   c - +1 shield
rNeg     . . .     Faith    .   k - +0 scale mail
rPois    .         Spirit   .   (helmet unavailable)
rElec    .         Reflect  .   (no cloak)
rCorr    .         Harm     .   (no gloves)
MR       .....                  (no boots)
Stlth    ..........             z - amulet of the acrobat
HPRegen  0.13/turn              y - +4 ring of protection
MPRegen  0.09/turn              (no ring)

@: no status effects
A: permanent stasis, dig shafts and tunnels, four strong arms, antennae 3
a: Dig, Shaft Self


You were on level 3 of the Dungeon.
You were not hungry.

You visited 1 branch of the dungeon, and saw 3 of its levels.

You collected 151 gold pieces.

Inventory:

Hand Weapons
 a - a +0 war axe (weapon)
 b - a +0 hunting sling
Missiles
 e - 108 stones (quivered)
 h - 28 sling bullets
 l - 17 bolts
 t - 16 poisoned needles
 v - 5 arrows
 w - 2 curare-tipped needles
 x - 8 needles of sleeping
Armour
 c - a +1 shield (worn)
 k - a +0 scale mail (worn)
Jewellery
 y - a +4 ring of protection (left hand)
 z - an amulet of the acrobat (around neck)
Scrolls
 g - a scroll of random uselessness {unknown}
 i - a scroll of immolation {unknown}
 j - a scroll of enchant armour
 m - a scroll of remove curse {unknown}
 A - a scroll of fear {unknown}
 B - a scroll of magic mapping {unknown}
Potions
 d - a potion of might
 o - a potion of curing
 q - a potion of mutation
 u - a potion of brilliance {unknown}
Comestibles
 f - 4 rations
 p - 6 chunks of flesh


   Skills:
 - Level 3.2 Fighting
 + Level 5.3 Axes
 - Level 3.2 Armour
 - Level 3.6 Shields


You had 4 spell levels left.
You didn't know any spells.
Your spell library contained the following spells:

 Spells                   Type           Power        Failure   Level  Hunger
 Beastly Appendage        Tmut           #.....       98%         1    ##.....
 Sticks to Snakes         Tmut           #.......     99%         2    ###....
 Spider Form              Tmut/Pois      #.........   100%        3    ####...
 Ice Form                 Ice/Tmut       #.......     100%        4    #####..
 Blade Hands              Tmut           #.........   100%        5    ######.


Dungeon Overview and Level Annotations

Branches:
Dungeon (3/15)

Altars:
Fedhas

Annotations:
D:3 exclusion: oklob plant, Grinder


Innate Abilities, Weirdness & Mutations

You cannot be hasted, slowed, berserked, paralysed or teleported.
You can dig through walls and to a lower floor.
Your four strong arms can wield two-handed weapons with a shield.
You have a pair of large antennae on your head. (SInv)


Message History

You struggle to resist.
You see here a jackal corpse.
You closely miss Grinder.
Grinder is almost dead.
Grinder gestures at you.
You struggle to resist.
Grinder hits you.
You writhe in agony.
You barely miss Grinder.
Grinder is almost dead.
Grinder hits you!
* * * LOW HITPOINT WARNING * * *
You writhe in agony.
* * * LOW HITPOINT WARNING * * *
You hit Grinder but do no damage.
Grinder is almost dead.
You block Grinder's attack.
You barely miss Grinder.
Grinder is almost dead.
Grinder gestures at you. Pain shoots through your body!
You die...

######### #........
#######........
############...!........%.
#.....(†.@5..#####........
#####.######## #........
### #......... {####..###
..##### ####...... #.##
#..<..######### {...h #.#
#####.......... {...h {
#.# ########### { ... #.#
### .. ##.# ... l #..#


You could see Grinder.

Vanquished Creatures
  Terence (D:3)
  3 adders (D:2)
  2 oozes
  2 worms (D:2)
  A dart slug (D:2)
  A leopard gecko (D:1)
  8 orcs (D:3)
  5 bats
  6 giant cockroaches
  6 goblins
  3 hobgoblins
  7 jackals
  7 kobolds
  A quokka (D:2)
  6 frilled lizards
  4 rats
63 creatures vanquished.

Notes
Turn   | Place    | Note
-------+----------+-------------------------------------------
     0 | D:1      | MisterFreud the Formicid Fighter began the quest for the
                  | Orb.
     0 | D:1      | Reached XP level 1. HP: 18/18 MP: 1/1
    96 | D:1      | Reached XP level 2. HP: 22/24 MP: 2/2
   217 | D:1      | Reached skill level 3 in Axes
   379 | D:1      | Reached XP level 3. HP: 21/29 MP: 3/3
  1424 | D:2      | Reached skill level 4 in Axes
  1424 | D:2      | Reached XP level 4. HP: 34/35 MP: 4/4
  2480 | D:3      | Noticed Terence
  2505 | D:3      | Killed Terence
  2505 | D:3      | Reached skill level 5 in Axes
  2505 | D:3      | Reached XP level 5. HP: 39/41 MP: 5/5
  2703 | D:3      | Found a blossoming altar of Fedhas.
  2724 | D:3      | Noticed an oklob plant
  3078 | D:3      | Noticed Grinder
  3099 | D:3      | Killed from afar by Grinder

Vault maps used:
D:1:      minmay_arrival_stone_box, minmay_pentomino_r2
D:2:      first_ration, serial_forest, infiniplex_forest_clump_diagonal,
          infiniplex_forest_clump_diagonal, infiniplex_forest_clump_cross,
          infiniplex_forest_clump_double, infiniplex_forest_end_double,
          infiniplex_forest_lined_corner, kennysheep_boxes
D:3:      tgw_fedhas, uniq_grinder, uniq_terence

Skill      XL: |  1  2  3  4 |
---------------+-------------+-----
Axes           | 3 4 5 |  5.3
Fighting       | |  3.2
Armour         | |  3.2
Shields        | |  3.6

Action                   |  1- 3 |  4- 6 || total
-------------------------+-------+-------++-------
Melee: War axe           |    89 |   139 ||   228
Throw: Stone             |       |     2 ||     2
  Use: Scroll            |       |     5 ||     5
  Eat: Chunk             |     2 |     5 ||     7
Armor: Scale mail        |    42 |    38 ||    80
Dodge: Dodged            |    22 |    32 ||    54
Block: Shield            |    46 |    76 ||   122

Table legend:
 A = Non-vault XP
 B = Vault XP
 C = Vault XP percentage of total XP
 D = Non-vault monster count
 E = Vault monster count
 F = Vault count percentage of total count
                 A         B        C        D         E       F
            +---------+---------+-------+---------+---------+-------
      Total |     165 |      40 |  19.5 |      61 |       2 |   3.2
            +---------+---------+-------+---------+---------+-------
        D:1 |      41 |       2 |   4.7 |      20 |       1 |   4.8
        D:2 |      86 |       0 |   0.0 |      23 |       0 |   0.0
        D:3 |      38 |      38 |  50.0 |      18 |       1 |   5.3
            +---------+---------+-------+---------+---------+-------
